Map: Lerilak Crest

Players

Zanster - Winner!

  • Race: Zerg Zerg

PtitDrogo

  • Race: Protoss Protoss
  • League: Master

Event: DreamHack ROCCAT LotV Championship

VOD

Have the link to the VOD?

Description

Time

  • Played on: Nov. 26, 2015, 1:40 p.m.
  • Length: 6:00

All games in this series

Show
View Real Time Build Order
Export as new Build Order

Zanster Zerg - Winner!

Build Orders: Hatch First 

Get SALT Encoding   

  12  0:00  Drone  
  13  0:13  Overlord  
  13  0:18  Drone  
  14  0:31  Drone  
  14  0:32  Drone  
  16  0:36  Drone  
  17  0:53  Hatchery  
  17  0:55  Drone  
  17  0:59  Drone  
  17  1:03  Extractor  
  17  1:14  Spawning Pool  
  17  1:17  Drone  
  17  1:20  Drone  
  18  1:30  Drone  
  19  1:40  Overlord  
  19  2:04  Queen  
  19  2:06  Metabolic Boost  
  19  2:07  Queen, Zergling x6  
  26  2:19  Zergling x2  
  26  2:20  Zergling x2  
  28  2:24  Zergling x2  
  29  2:30  Zergling x2  
  30  2:38  Roach Warren  
  30  2:40  Zergling x2  
  30  2:41  Zergling x2  
  31  2:47  Zergling x2  
  31  2:50  Overlord  
  32  2:57  Overlord  
  29  3:19  Roach  
  37  3:20  Roach x3  
  37  3:24  Roach  
  39  3:33  Roach  
  40  3:35  Roach  
  42  3:42  Zergling x4  
  42  3:45  Zergling x2  
  45  3:51  Zergling x2  
  45  3:53  Ravager  
  45  3:55  Zergling x2  
  47  3:59  Zergling x2  
  48  4:07  Ravager  
  48  4:08  Zergling x2  
  48  4:09  Zergling x2  
  51  4:14  Overlord  
  43  4:27  Zergling x8  
  39  4:36  Zergling x6  
  41  4:49  Zergling x4  
  41  4:50  Zergling x6  
  41  4:54  Zergling x2  
  39  5:01  Zergling x4  
  41  5:16  Zergling x2  
  41  5:17  Zergling x10  
  45  5:26  Zergling x4  
  42  5:30  Zergling x4  
  41  5:42  Zergling x4  
Show
View Real Time Build Order
Export as new Build Order

PtitDrogo Protoss 

Build Orders: Oracle Opening 

Get SALT Encoding   

  12  0:01  Probe (Chrono Boost)  
  13  0:11  Probe (Chrono Boost)  
  14  0:19  Pylon  
  14  0:22  Probe (Chrono Boost)  
  15  0:37  Probe (Chrono Boost)  
  16  0:47  Probe (Chrono Boost)  
  17  0:58  Probe (Chrono Boost)  
  18  1:06  Nexus  
  18  1:12  Gateway  
  18  1:13  Probe (Chrono Boost)  
  18  1:18  Assimilator  
  19  1:24  Probe (Chrono Boost)  
  20  1:26  Assimilator  
  20  1:34  Probe (Chrono Boost)  
  21  1:41  Gateway  
  21  1:45  Probe (Chrono Boost)  
  22  1:55  Probe (Chrono Boost)  
  22  2:00  Cybernetics Core  
  23  2:18  Probe x2 (Chrono Boost)  
  25  2:28  Probe (Chrono Boost)  
  25  2:29  Probe (Chrono Boost)  
  27  2:30  Warp Gate (Chrono Boost)  
  27  2:37  Adept x2 (Chrono Boost)  
  31  2:39  Probe  
  31  2:40  Mothership Core  
  31  2:42  Pylon  
  34  2:52  Stargate  
  34  2:53  Probe  
  35  3:01  Probe  
  38  3:05  Adept (Chrono Boost)  
  38  3:14  Probe x2  
  38  3:15  Pylon  
  40  3:21  Adept (Chrono Boost)  
  40  3:26  Probe x2  
  44  3:27  Adept  
  46  3:38  Probe x2, Oracle (Chrono Boost)  
  51  3:46  Gateway  
  51  3:50  Probe  
  51  3:51  Probe  
  53  3:58  Pylon  
  53  4:02  Probe  
  54  4:07  Assimilator  
  54  4:08  Assimilator  
  54  4:16  Probe x2, Oracle (Chrono Boost)  
  61  4:26  Pylon  
  61  4:28  Probe  
  61  4:30  Pylon  
  46  4:40  Adept x3  
  48  5:00  Gateway  
  48  5:01  Adept  
  48  5:02  Adept  
  45  5:19  Pylon  
  45  5:20  Pylon  
  41  5:23  Adept  
  38  5:31  Pylon  
  29  5:52  Zealot  

Tags
 
Add a new tag
Caveats
  • Supply blocks, unpowered buildings, or Contaminate may cause inaccurate times.
  • Supply counts are checked every 10 seconds.